 Dungeon Crawl Stone Soup version 0.22-a0-157-g169b76a (webtiles) character file.

30 MatthieuS the Chiller (level 3, -4/28 HPs)
             Began as a Draconian Ice Elementalist on Feb 8, 2018.
             Slain by a worm (7 damage)
             ... on level 2 of the Dungeon.
             The game lasted 00:03:15 (1258 turns).

MatthieuS the Chiller (Draconian Ice Elementalist)  Turns: 1258, Time: 00:03:15

Health: -4/28      AC:  5    Str: 13    XL:     3   Next: 5%
Magic:  0/6        EV: 12    Int: 16    God:
Gold:   78         SH:  0    Dex: 11    Spells: 0/6 levels left

rFire    . . .     SeeInvis .   (no weapon)
rCold    . . .     Gourm    .   (no shield)
rNeg     . . .     Faith    .   (armour unavailable)
rPois    .         Spirit   .   (helmet restricted)
rElec    .         Reflect  .   f - scarf {repulsion}
rCorr    .         Harm     .   (no gloves)
MR       .....                  (no boots)
Stlth    ++........             (no amulet)
HPRegen  0.09/turn              h - +3 ring of strength
MPRegen  0.10/turn              (no ring)

@: repel missiles
A: unfitting armour, cold-blooded, AC +5
a: no special abilities


You were on level 2 of the Dungeon.
You were not hungry.

You visited 1 branch of the dungeon, and saw 2 of its levels.

You collected 78 gold pieces.

Inventory:

Armour
 f - a scarf of repulsion (worn)
Jewellery
 c - a cursed -3 ring of protection {unknown}
 h - a +3 ring of strength (left hand)
Scrolls
 d - 2 scrolls of remove curse {unknown}
 e - 4 scrolls of identify {unknown}
Potions
 g - a potion of resistance {unknown}
 i - a potion of lignification {unknown}
Books
 a - a book of Frost

   Spells                             Type                      Level
   a - Freeze                         Ice                          1
   b - Throw Frost                    Conjuration/Ice              2
   c - Ozocubu's Armour               Charms/Ice                   3
   d - Throw Icicle                   Conjuration/Ice              4
   e - Summon Ice Beast               Ice/Summoning                4
Comestibles
 b - 5 rations


   Skills:
 + Level 1.1 Fighting
 + Level 2.1 Dodging
 + Level 2.1 Stealth
 + Level 2.3 Spellcasting
 - Level 1.0 Conjurations
 + Level 3.3 Ice Magic


You couldn't memorise any spells.
You knew the following spells:

 Your Spells              Type           Power        Failure   Level  Hunger
a - Freeze                Ice            ##..         5%          1    #......
b - Throw Frost           Conj/Ice       #.....       13%         2    ###....
c - Ozocubu's Armour      Chrm/Ice       #.......     30%         3    ###....


Dungeon Overview and Level Annotations

Branches:
Dungeon (2/15)

Altars:


Innate Abilities, Weirdness & Mutations

Your plain brown scales are hard. (AC +5)
You cannot fit into any form of body armour.
You are cold-blooded and may be slowed by cold attacks.


Message History

The worm is moderately wounded.
The worm bites you!
* * * LOW HITPOINT WARNING * * *
You hit the worm but do no damage.
The worm is moderately wounded.
You hit the worm.
Your tail-slap misses the worm.
The worm is moderately wounded.
The worm bites you.
* * * LOW HITPOINT WARNING * * *
You barely miss the worm.
The worm is moderately wounded.
Casting: Freeze (safe; 5% risk of failure)
Confirm with . or Enter, or press ? or * to list all spells.
Aiming: Freeze (safe; 5% risk of failure)
Press: ? - help, Shift-Dir - straight line, f/p - worm
Aim: a worm (moderately wounded)
You freeze the worm.
The worm is heavily wounded.
The worm bites you!
You die...

#.# # #.# ####....#
#.# #.# ### #....#
..# #.# #.. ........
..# #.# #.####...###
.. #.# #.# #...# #.#
#.# #.... #(# #.#
#..###
#.####.###.#####....#
#.........@w....?.#
################.##


You could see a worm.

Vanquished Creatures
  A dart slug (D:1)
  A giant cockroach (D:1)
  A goblin (D:1)
  4 hobgoblins (D:1)
  2 jackals (D:1)
  A kobold (D:2)
  3 bats (D:1)
  A frilled lizard (D:1)
  17 rats
31 creatures vanquished.

Notes
Turn   | Place    | Note
-------+----------+-------------------------------------------
     0 | D:1      | MatthieuS the Draconian Ice Elementalist began the quest for the Orb.
     0 | D:1      | Reached XP level 1. HP: 14/14 MP: 3/3
   123 | D:1      | Reached XP level 2. HP: 22/22 MP: 0/5
   469 | D:1      | Learned a level 2 spell: Throw Frost
   518 | D:1      | Reached skill level 1 in Fighting
  1105 | D:2      | Reached XP level 3. HP: 28/28 MP: 3/6
  1119 | D:2      | Learned a level 3 spell: Ozocubu's Armour
  1258 | D:2      | Slain by a worm

Vault maps used:
D:1:      erik_arrival_orb_chamber

Skill      XL: |  1  2 |
---------------+-------+-----
Stealth        | 2 |  2.1
Dodging        | 2 |  2.1
Fighting       | 1 |  1.1
Spellcasting   | |  2.3
Conjurations   | |  1.0
Ice Magic      | |  3.3

Action                   || total
-------------------------++-------
Melee: Unarmed           ||    66
       Tailslap          ||     7
 Cast: Freeze            ||    30
       Throw Frost       ||     5
 Stab: Sleeping          ||     1
  Eat: Chunk             ||     2
Armor: Skin              ||    30
Dodge: Dodged            ||    63

Table legend:
 A = Spawn XP
 B = Non-spawn XP
 C = Spawn XP percentage of total XP
 D = Spawn monster count
 E = Non-spawn monster count
 F = Spawn count percentage of total count
 G = Total turns spent on level
                    A         B        C        D         E        F      G
               +---------+---------+-------+---------+---------+-------+---------
         Total |       0 |      44 |   0.0 |       0 |      31 |   0.0 |  1258
               +---------+---------+-------+---------+---------+-------+---------
           D:1 |       0 |      40 |   0.0 |       0 |      28 |   0.0 |  1096
           D:2 |       0 |       4 |   0.0 |       0 |       3 |   0.0 |   162
               +---------+---------+-------+---------+---------+-------+---------
